 Dungeon Crawl Stone Soup version 0.26-a0-1013-gf6ffb0d6bd (webtiles) character file.

Game seed: 15365919600439843261

39669 sahdkjhfkaj the Cleaver (level 13, -5/118 HPs)
             Began as a Deep Dwarf Fighter on Dec 7, 2020.
             Was a High Priest of Makhleb.
             Slain by a 19-headed hydra (9 damage)
             ... on level 6 of the Lair of Beasts.
             The game lasted 00:24:01 (11203 turns).

sahdkjhfkaj the Cleaver (Deep Dwarf Fighter)       Turns: 11203, Time: 00:24:01

Health: -5/118     AC: 20    Str: 25    XL:     13   Next: 70%
Magic:  5/5        EV: 13    Int:  9    God:    Makhleb [*****.]
Gold:   2173       SH: 12    Dex: 18    Spells: 12/12 levels left

rFire    + . .     SeeInvis .   a - +0 war axe
rCold    + . .     Faith    .   c - +0 kite shield
rNeg     . . .     Spirit   .   O - +1 chain mail of Decaying Contentment {+Fly Dex+6}
rPois    .         Reflect  .   n - +0 helmet
rElec    .         Harm     .   p - scarf {rC+ rF+}
rCorr    .         Rampage  .   x - +0 pair of gloves
Will     ++...                  S - +0 pair of boots
Stlth    ..........             l - amulet of the acrobat
HPRegen  0.00/turn              M - +4 ring of protection
MPRegen  0.09/turn              v - ring of willpower

@: lethally poisoned (-5 -> -5), non-regenerating, studying Shields
A: damage resistance, heal wounds, sense surroundings 2, no regeneration
a: Heal Wounds, Minor Destruction, Lesser Servant of Makhleb, Major Destruction,
Greater Servant of Makhleb, Renounce Religion, Evoke Flight


You were on level 6 of the Lair of Beasts.
You worshipped Makhleb.
Makhleb was extremely pleased with you.
You visited 3 branches of the dungeon, and saw 17 of its levels.

You collected 2173 gold pieces.

Inventory:

Hand Weapons
 a - a +0 war axe (weapon)
Armour
 c - a +0 kite shield (worn)
 n - a +0 helmet (worn)
 p - a scarf of resistance (worn)
 x - a +0 pair of gloves (worn)
 O - the +1 chain mail of Decaying Contentment (worn) {+Fly Dex+6}
   (You found it on level 2 of the Lair of Beasts)

   It affects your dexterity (+6).
   It lets you fly.
 S - a +0 pair of boots (worn)
Jewellery
 l - an amulet of the acrobat (around neck)
 v - a ring of willpower (right hand)
 M - a +4 ring of protection (left hand)
Wands
 j - a wand of iceblast (13)
 s - a wand of enslavement (5)
 B - a wand of paralysis (28)
 D - a wand of random effects (17)
 I - a wand of acid (3)
Scrolls
 e - 3 scrolls of fog {!r}
 g - 3 scrolls of teleportation {!r}
 h - 5 scrolls of enchant weapon {!r}
 i - 9 scrolls of remove curse {!r}
 m - 5 scrolls of magic mapping {!r}
 o - a scroll of enchant armour {!r}
 A - a scroll of amnesia {!r}
 K - 2 scrolls of silence
 N - a scroll of fear
 P - a scroll of immolation
 R - a scroll of vulnerability
 T - a scroll of summoning {unknown}
 V - a scroll of torment {unknown}
Potions
 d - a potion of might {!q}
 f - 3 potions of cancellation {!q}
 k - 6 potions of curing {!q}
 q - 5 potions of attraction {!q}
 r - 2 potions of haste {!q}
 u - a potion of ambrosia {!q}
 w - 2 potions of invisibility {!q}
 z - 3 potions of heal wounds {unknown}
 C - 3 potions of flight {!q, unknown}
 F - 5 potions of degeneration {!q, unknown}
 G - 2 potions of mutation {unknown}
 J - a potion of resistance {!q, unknown}
 L - a potion of lignification {unknown}
 U - a potion of magic {unknown}
Books
 t - a manual of Shields
Miscellaneous
 E - a condenser vane
 H - a tin of tremorstones (2/2)


   Skills:
 - Level 8.4 Fighting
 - Level 13.6 Axes
 - Level 8.7 Armour
 - Level 9.5 Dodging
 - Level 8.6 Shields
 + Level 13.4 Invocations
 - Level 9.7 Evocations


You had 12 spell levels left.
You didn't know any spells.
Your spell library contained the following spells:

 Spells                   Type           Power        Failure   Level
 Animate Skeleton         Necr           #.....       99%         1
 Apportation              Tloc           #.....       99%         1
 Corona                   Hex            #......      99%         1
 Summon Small Mammal      Summ           #...         99%         1
 Confusing Touch          Hex            #.......     100%        3
 Gell's Gravitas          Tloc           #.........   100%        3
 Petrify                  Tmut/Erth      #.......     100%        4
 Metabolic Englaciation   Hex/Ice        #.........   100%        5
 Yara's Violent Unravell  Hex/Tmut       #.........   100%        5


Dungeon Overview and Level Annotations

Branches:
Dungeon (10/15)            Temple (1/1) D:7            Lair (6/6) D:10
  Swamp (0/4) Lair:4        Snake (0/4) Lair:4        Slime (0/5) Lair:5
    Orc (0/2) D:10

Altars:
Ashenzari
Cheibriados
Dithmenos
Elyvilon
Fedhas
Gozag
Hepliaklqana
Kikubaaqudgha
Makhleb
Nemelex Xobeh
Okawaru
Qazlal
Ru
Sif Muna
Trog
Uskayaw
Vehumet
Wu Jian
Xom
Yredelemnul
Zin
The Shining One
Jiyva

Annotations:
D:10 3 runed translucent doors, Foxy's ghost, journeyman GnEn
Lair:2 exclusion: 3 oklob plants


Innate Abilities, Weirdness & Mutations

You are resistant to damage.
You can heal yourself by infusing magical energy.
You passively map the area around you.
You do not regenerate.


Message History

The 20-headed hydra bites you but does no damage.
The 20-headed hydra barely misses you.
The 20-headed hydra bites you but does no damage.
You chop one of the 20-headed hydra's heads off!
You hit the 19-headed hydra.
The 19-headed hydra is severely wounded.
You block the 19-headed hydra's attack.
The 19-headed hydra bites you but does no damage.
The 19-headed hydra closely misses you.
The 19-headed hydra bites you but does no damage.
The 19-headed hydra bites you.
The 19-headed hydra bites you but does no damage.
The 19-headed hydra barely misses you. The 19-headed hydra bites you!
* * * LOW HITPOINT WARNING * * *
The 19-headed hydra misses you. The 19-headed hydra bites you.
* * * LOW HITPOINT WARNING * * *
The 19-headed hydra bites you but does no damage.
The 19-headed hydra bites you. You block the 19-headed hydra's attack.
The 19-headed hydra barely misses you. The 19-headed hydra bites you!
You die...

,, ,,, , , ,, , ,,
,........... ,, * *
,.........., , ** *
, .......... , * *
.........,, , ,, *
,, .........P, * *
.........# * *
........†## , * , ,
, ,.......D@.## **,
* , ...........## *
,, , ,
............##, * *
, ,.............## *
, , .......†#.....##
*, *
........###....##
,,* ,
,..........###..[##
,
.........P..###..#**
* ,
.........P....####
,, ,


You could see a 19-headed hydra.

Vanquished Creatures
  The ghost of Poifiw the Blocker, a journeyman GnFi of Qazlal (Lair:4)
  The ghost of Feulaj the Severer, a journeyman MiBe of Trog (Lair:3)
  5 hydras
  A centaur warrior (D:10)
  2 two-headed ogres (D:8)
  2 unseen horrors (D:10)
  9 elephants
  3 black mambas (Lair:6)
  2 moths of wrath (Lair:4)
  A gargoyle (D:10)
  7 cane toads
  A rime drake (Lair:1)
  5 komodo dragons
  A troll (D:10)
  2 polar bears
  7 dream sheep (Lair:5)
  Prince Ribbit (Lair:2)
  17 blink frogs
  Grinder (D:5)
  4 hornets
  7 wyverns
  36 yaks
  3 basilisks
  A steam dragon (D:10)
  6 spriggans (Lair:4)
  8 water moccasins
  5 nagas (Lair:4)
  3 orc warriors
  4 ice beasts
  An eye of draining (D:6)
  A sky beast (D:6)
  A black bear (D:10)
  A necrophage (D:6)
  4 phantoms
  12 wolves
  5 ogres
  6 centaurs
  A big kobold (D:9)
  18 bullfrogs
  A wyvern skeleton (D:9)
  A water moccasin skeleton (D:9)
  A scorpion (D:9)
  2 vampire bats (Lair:1)
  3 wights (D:10)
  10 howler monkeys
  5 centaur zombies
  A bullfrog zombie (D:9)
  3 hounds
  4 orc priests
  A quasit (D:6)
  16 orc wizards
  6 iguanas
  8 worker ants
  A hound skeleton (D:6)
  A howler monkey zombie (D:5)
  11 gnolls
  16 adders
  A river rat (Lair:2)
  2 shadow imps
  5 white imps
  An ufetubus (D:5)
  3 oozes
  3 adder skeletons
  A worm (D:3)
  A dart slug (D:4)
  6 leopard geckos
  27 orcs
  2 ball pythons
  16 bats
  6 giant cockroaches
  5 goblins
  8 hobgoblins
  11 jackals
  5 quokkas
  8 frilled lizards
  8 kobolds
  2 kobold skeletons (D:4)
  3 kobold zombies (D:4)
  2 leopard gecko skeletons
  A leopard gecko zombie (D:7)
  An orc skeleton (D:4)
  An orc zombie (D:4)
  A quokka zombie (D:7)
  8 rats
425 creatures vanquished.

Vanquished Creatures (others)
  Maurice (D:9)
  A basilisk (D:10)
  A water moccasin (Lair:2)
  A swamp drake (Lair:2)
  A river rat (Lair:2)
  20 fungi
  45 plants
70 creatures vanquished.

Grand Total: 495 creatures vanquished

Notes
Turn   | Place    | Note
-------+----------+-------------------------------------------
     0 | D:1      | sahdkjhfkaj the Deep Dwarf Fighter began the quest for the
                  | Orb.
     0 | D:1      | Reached XP level 1. HP: 20/20 MP: 1/1
   112 | D:1      | Reached skill level 1 in Dodging
   344 | D:1      | Reached XP level 2. HP: 22/28 MP: 2/2
   802 | D:2      | Reached XP level 3. HP: 23/34 MP: 3/3
  1081 | D:2      | Reached XP level 4. HP: 26/42 MP: 4/4
  1728 | D:4      | Noticed an orc warrior
  1748 | D:4      | Killed an orc warrior
  1749 | D:4      | Reached skill level 5 in Axes
  1749 | D:4      | Reached skill level 1 in Evocations
  1749 | D:4      | Reached XP level 5. HP: 29/49 MP: 4/4
  1758 | D:4      | Reached XP level 6. HP: 20/56 MP: 5/5
  1861 | D:4      | Reached XP level 7. HP: 53/64 MP: 6/6
  1895 | D:4      | Found a glowing golden altar of the Shining One.
  1999 | D:4      | Reached skill level 5 in Armour
  2106 | D:4      | Found an iron altar of Okawaru.
  2131 | D:4      | Reached skill level 5 in Shields
  2205 | D:4      | Found a sand-covered staircase.
  2460 | D:5      | Entered Level 5 of the Dungeon
  2460 | D:5      | Found a blossoming altar of Fedhas.
  2531 | D:5      | Found an opulent altar of Gozag.
  2724 | D:5      | Reached XP level 8. HP: 47/72 MP: 6/6
  2739 | D:5      | Noticed a +0 dagger
  2739 | D:5      | Noticed a +0 dagger
  2739 | D:5      | Noticed Grinder
  2743 | D:5      | Found a hide-covered altar of Uskayaw.
  2764 | D:5      | Killed Grinder
  2774 | D:5      | Found a glowing silver altar of Zin.
  2814 | D:5      | Reached skill level 5 in Dodging
  3126 | D:6      | Reached skill level 5 in Fighting
  3238 | D:6      | Found a snail-covered altar of Cheibriados.
  3453 | D:6      | Gained mutation: You passively map the area around you.
                  | [Deep Dwarf growth]
  3453 | D:6      | Reached XP level 9. HP: 81/81 MP: 5/5
  3858 | D:7      | Found a bloodstained altar of Trog.
  3984 | D:7      | Reached skill level 5 in Evocations
  4048 | D:7      | Found a staircase to the Ecumenical Temple.
  4101 | Temple   | Entered the Ecumenical Temple
  4207 | Temple   | Became a worshipper of Makhleb the Destroyer
  4643 | D:8      | Noticed a two-headed ogre
  4654 | D:8      | Killed a two-headed ogre
  4710 | D:8      | Noticed a two-headed ogre
  4736 | D:8      | Killed a two-headed ogre
  4737 | D:8      | Reached XP level 10. HP: 39/91 MP: 4/4
  4851 | D:8      | Reached * piety under Makhleb
  4906 | D:8      | Reached skill level 10 in Axes
  5118 | D:9      | Noticed Maurice
  5203 | D:9      | Reached ** piety under Makhleb
  5214 | D:9      | Killed Maurice
  5740 | D:10     | Entered Level 10 of the Dungeon
  5817 | D:10     | Found a runed translucent gate.
  5817 | D:10     | Found a runed translucent gate.
  5819 | D:10     | Found a runed translucent gate.
  5819 | D:10     | Noticed a five-headed hydra
  5819 | D:10     | Noticed a fire dragon
  5819 | D:10     | Noticed Foxy's ghost (journeyman GnEn)
  5998 | D:10     | Noticed a gargoyle
  6009 | D:10     | Killed a gargoyle
  6104 | D:10     | Noticed a centaur warrior
  6118 | D:10     | Killed a centaur warrior
  6119 | D:10     | Reached XP level 11. HP: 100/100 MP: 3/3
  6287 | D:10     | Found a staircase to the Orcish Mines.
  6328 | D:10     | Killed an unseen horror
  6533 | D:10     | Found a staircase to the Lair.
  6588 | D:10     | Killed an unseen horror
  6921 | Lair:1   | Entered Level 1 of the Lair of Beasts
  6921 | Lair:1   | Noticed an eight-headed hydra
  6930 | Lair:1   | Killed an eight-headed hydra
  7009 | Lair:1   | Reached *** piety under Makhleb
  7234 | Lair:1   | Reached XP level 12. HP: 85/110 MP: 2/2
  7554 | Lair:1   | Noticed a six-headed hydra
  7571 | Lair:1   | Killed a 13-headed hydra
  7828 | Lair:2   | Reached **** piety under Makhleb
  7834 | Lair:2   | Found a bloodstained altar of Trog.
  7876 | Lair:2   | Reached skill level 1 in Invocations
  8320 | Lair:2   | Noticed Prince Ribbit
  8335 | Lair:2   | Killed Prince Ribbit
  8663 | Lair:2   | Got a glimmering chain mail
  8673 | Lair:2   | Identified the +1 chain mail of Decaying Contentment {+Fly
                  | Dex+6} (You found it on level 2 of the Lair of Beasts)
  8880 | Lair:3   | Noticed a five-headed hydra
  8912 | Lair:3   | Found a runed translucent door.
  8912 | Lair:3   | HP: 4/112 [wyvern (6)]
  8943 | Lair:3   | Identified a scroll of acquirement {!r}
  8944 | Lair:3   | Acquired 980 gold pieces
  9033 | Lair:3   | Noticed Feulaj's ghost (journeyman MiBe)
  9054 | Lair:3   | Killed a 19-headed hydra
  9364 | Lair:3   | Killed Feulaj's ghost
  9364 | Lair:3   | Reached ***** piety under Makhleb
  9365 | Lair:3   | Reached skill level 5 in Invocations
  9431 | Lair:4   | Found a staircase to the Snake Pit.
  9484 | Lair:4   | Reached XP level 13. HP: 118/118 MP: 3/3
  9568 | Lair:4   | Identified the cursed +0 trident "Cueminge" {vorpal, +Inv
                  | rN+ WL+ Int+6}
  9569 | Lair:4   | Noticed Poifiw's ghost (journeyman GnFi)
  9569 | Lair:4   | Identified the cursed +1 trident "Xiukkut" {flame, +Fly
                  | rPois rF- Int-3}
  9593 | Lair:4   | Found a transporter.
  9602 | Lair:4   | Found a bloodstained altar of Trog.
  9610 | Lair:4   | Found a transporter.
  9702 | Lair:4   | Found a staircase to the Swamp.
 10139 | Lair:4   | Killed Poifiw's ghost
 10193 | Lair:4   | Acquired a manual of Shields
 10516 | Lair:5   | Reached skill level 10 in Invocations
 10574 | Lair:5   | Found a viscous altar of Jiyva.
 10574 | Lair:5   | Found a staircase to the Slime Pits.
 10643 | Lair:5   | Found a shimmering altar of Xom.
 10972 | Lair:6   | Entered Level 6 of the Lair of Beasts
 11071 | Lair:6   | Paralysed by a hornet for 2 turns
 11080 | Lair:6   | Paralysed by a hornet for 3 turns
 11088 | Lair:6   | Paralysed by a hornet for 1 turns
 11203 | Lair:6   | HP: 4/118 [19-headed hydra (2)]
 11203 | Lair:6   | Slain by a 19-headed hydra

Illustrated notes

Levels and vault maps discovered:
D:1:      shiori_arrival_elements, layout_basic, minmay_pentomino_u2
D:2:      layout_basic, minmay_cut_off
D:3:      layout_rooms
D:4:      layout_rooms, okawaru_gym_becter, enter_ossuary_5, grunt_ministairs_1,
          nicolae_tso_besieged_by_evil
D:5:      layout_rooms, dancing_weapons_uskayaw, grunt_gozag_statues,
          general_overflow_altar, zin_statuary, uniq_grinder
D:6:      layout_basic, chequers_decorated_corner, cheibriados_altar_1
D:7:      layout_gridville, lightli_temple_of_fire,
          minmay_temple_entry_nine_rooms
D:8:      layout_basic
D:9:      layout_cave_pools, billiards_dpeg, uniq_maurice
D:10:     layout_roguey, erik_lair_dragon, orc_0_dummy, gammafunk_ghost_split
Temple:   compressed_dpeg_circular_temple
Lair:1:   layout_roguey, roderic_batcave, lemuel_fruit_fields,
          serial_bayou_shore_b, infiniplex_staircase_pool_2
Lair:2:   layout_roguey, basic_altar, pond, minmay_lair_oklob_chamber,
          uniq_prince_ribbit2
Lair:3:   layout_cave_shapes, ebering_ghost_inner_flame, serial_bayou_shore_b
Lair:4:   layout_roguey, swamp_mist_pool, minmay_snake_entry_guardpost_medium,
          gammafunk_ghost_wrathful_warriors, lemuel_fruit_tree
Lair:5:   layout_long_grid, slime_altar_1, basic_altar
Lair:6:   wormcave, layout_hall_layers, hangedman_lair_tendril_chambers,
          kilobyte_rumbling_trees

Skill      XL: |  1  2  3  4  5  6  7  8  9 10 11 12 13 |
---------------+----------------------------------------+-----
Dodging        | 1 2 3 4 5 7 8 9 |  9.5
Fighting       | 3 4 5 6 7 8 |  8.4
Axes           | 3 5 6 8 9 11 12 13 | 13.6
Armour         | 4 5 6 7 8 |  8.7
Shields        | 4 5 6 7 8 |  8.6
Evocations     | 1 3 4 6 7 9 |  9.7
Invocations    | 6 13 | 13.4

Action                   |  1- 3 |  4- 6 |  7- 9 | 10-12 | 13-15 || total
-------------------------+-------+-------+-------+-------+-------++-------
Melee: War axe           |    91 |   144 |   404 |   830 |   341 ||  1810
 Abil: Heal Wounds       |       |     5 |    15 |    30 |    10 ||    60
Evoke: Wand              |       |       |       |    13 |     6 ||    19
  Use: Scroll            |     2 |     5 |     3 |    11 |     5 ||    26
       Potion            |     1 |     1 |       |       |     1 ||     3
 Stab: Confused          |       |       |       |     1 |       ||     1
Armor: Scale mail        |    47 |    60 |    30 |       |       ||   137
       Chain mail        |       |       |   131 |   211 |   270 ||   612
       Plate armour      |       |       |       |   356 |       ||   356
Dodge: Dodged            |    36 |    61 |   135 |   576 |   298 ||  1106
Block: Kite shield       |    61 |    74 |   240 |   637 |   336 ||  1348

Table legend: (Time is in decaauts)
 A = Elapsed time spent in this place.
 B = Non-inter-level travel time spent in this place.
 C = Inter-level travel time spent in this place.
 D = Time resting spent in this place.
 E = Time spent auto-exploring this place.
 F = Levels seen in this place.
 G = Mean time per level.
                   A        B        C        D        E       F      G
               +--------+--------+--------+--------+--------+-----+--------+
         Total |  11330 |  10376 |    954 |    258 |   6871 |  17 |  666.5 |
       Dungeon |   6993 |   6335 |    658 |    114 |   4215 |  10 |  699.3 |
        Temple |    126 |     89 |     37 |      0 |     87 |   1 |  126.0 |
          Lair |   4209 |   3950 |    259 |    144 |   2569 |   6 |  701.5 |
               +--------+--------+--------+--------+--------+-----+--------+

Top non-repeatable levels by time:
    D:10: 1191 daAuts
  Lair:2: 943 daAuts
  Lair:1: 895 daAuts
     D:6: 832 daAuts
  Lair:4: 816 daAuts
     D:1: 779 daAuts
  Lair:5: 735 daAuts
     D:4: 734 daAuts
     D:7: 694 daAuts
     D:2: 664 daAuts
     D:9: 630 daAuts
  Lair:3: 596 daAuts
     D:8: 552 daAuts
     D:5: 516 daAuts
     D:3: 397 daAuts
